cohdb
Replays
Latest Replays
All Replays
Popular Replays
Top Player Replays
Match Explorer
How It Works
Community
CoH3 Stats
Reddit
Sign in to upload your games and track your stats! →
Sign in with Steam
Match 28161314
Unlisted
Match 28161314
Overview
Messages
Build Orders
End
Selects Luftwaffe Battlegroup
Selects Luftwaffe Pioneer Support
Construct Infanterie Kompanie
Fallschirmpioneer Squad Paradrop
MG 42 Machine Gun Team
Fallschirmpioneer Squad Paradrop
Medical Station
Selects Stuka Strafing Run
GrW 34 Mortar Team
Construct Panzergrenadier Kompanie
Selects Fallschirmjäger Squad Paradrop
Fallschirmjäger Squad Paradrop
251 Medium Carrier
Fallschirmjäger Squad Paradrop
Selects LG40 Recoilless Gun Paradrop
pagep
海德薇莉
gbcherawi
K90
Gonk
Fabius Maximus
Crashing this Game
黄色的鸟人
0
0
Comments
sign in to comment!
No comments posted yet!